 Dungeon Crawl Stone Soup version 0.29-a0-1047-g7c58e119a4 (webtiles) character file.

Game seed: 5912803269788013237

38949 Zeldest the Martial Artist (level 14, -9/151 HPs)
             Began as a Meteoran Transmuter on Aug 16, 2022.
             Was the Champion of Cheibriados.
             Mangled by a goliath frog (15 damage)
             ... on level 1 of the Swamp.
             The game lasted 00:48:01 (6419 turns).

Zeldest the Martial Artist (Meteoran Transmuter)    Turns: 6419, Time: 00:48:01

Health: -9/151     AC:  4    Str: 27    XL:     14   Next: 75%
Magic:  25/25      EV: 14    Int: 36    God:    Cheibriados [******]
Gold:   714        SH:  0    Dex: 29    Spells: 6/26 levels left

rFire   . . .      SeeInvis .     - Unarmed
rCold   + + +      Faith    .   (shield currently unavailable)
rNeg    . . .      Spirit   .   (body armour currently unavailable)
rPois   +          Reflect  .   (helmet currently unavailable)
rElec   .          Harm     .   (cloak currently unavailable)
rCorr   .          Rampage  .   (gloves currently unavailable)
Will    +....                   (boots currently unavailable)
Stlth   +.........              J - amulet of the acrobat
HPRegen 0.35/turn               x - ring of wizardry
MPRegen 0.19/turn               f - ring of protection from fire

@: ice-form, death channelling, marked, wereblooded, corroded, glowing, studying
Ice Magic, very slow
A: freezing attack, amphibious, boosted hp, large, sense surroundings 2,
otherworldly, glowing, explore regen
a: End Transformation, Renounce Religion, Bend Time, Temporal Distortion,
Slouch, Step From Time


You were on level 1 of the Swamp.
You worshipped Cheibriados.
Cheibriados was exalted by your worship.
You were a creature of crystalline ice.
You visited 4 branches of the dungeon, and saw 18 of its levels.

You collected 714 gold pieces.

Inventory:

Hand Weapons
 b - the +4 dagger "Morg" {pain, Will+ Int+5}
   (You found it on level 6 of the Dungeon)

   In the hands of one skilled in necromantic magic, it inflicts extra damage on
   living creatures.
   Int:       It affects your intelligence (+5).
   Will:      It increases your willpower.
Armour
 a - a +1 troll leather armour (melded)
 e - a +0 cloak (melded)
 q - a +2 helmet (melded)
 s - a +0 pair of gloves (melded)
 Q - a +0 pair of boots (melded)
Magical Staves
 m - a staff of poison
Jewellery
 f - a ring of protection from fire (right front paw)
 j - a ring of protection from cold
 u - a ring of fire
 x - a ring of wizardry (left front paw)
 F - a ring of see invisible
 J - an amulet of the acrobat (around neck)
Wands
 d - a wand of iceblast (3)
 G - a wand of polymorph (8)
 H - a wand of mindburst (8)
 I - a wand of paralysis (3)
 N - a wand of digging (5)
 O - a wand of flame (9)
Scrolls
 c - 2 scrolls of teleportation
 h - a scroll of torment {unknown}
 i - a scroll of magic mapping
 n - 3 scrolls of fog
 r - 3 scrolls of vulnerability
 w - a scroll of amnesia
 y - a scroll of noise {unknown}
 z - a scroll of immolation {unknown}
 A - 2 scrolls of fear
 B - a scroll of enchant weapon {unknown}
 D - a scroll of blinking {unknown}
 K - a scroll of acquirement {unknown}
 M - a scroll of poison {unknown}
Potions
 g - a potion of invisibility {unknown}
 k - 2 potions of cancellation {unknown}
 l - 3 potions of lignification
 o - 2 potions of mutation
 p - 4 potions of attraction
 v - 2 potions of flight
 C - 3 potions of curing
 E - a potion of magic {unknown}
 L - 5 potions of ambrosia
Miscellaneous
 P - a lightning rod (4/4)


   Skills:
 + Level 12.3 Fighting
 - Level 2.8 Short Blades
 - Level 4.6 Dodging
 + Level 13.4 Unarmed Combat
 - Level 6.8 Spellcasting
 + Level 6.3 Conjurations
 + Level 10.9 Necromancy
 - Level 9.8 Transmutations
 - Level 7.7 Ice Magic
 + Level 11.3 Invocations


You had 6 spell levels left.
You knew the following spells:

 Your Spells              Type           Power      Damage    Failure   Level
a - Ice Form              Ice/Tmut       66%        N/A       1%          4
b - Wereblood             Tmut           70%        N/A       1%          2
c - Spider Form           Tmut/Pois      47%        N/A       1%          3
d - Beastly Appendage     Tmut           100%       N/A       1%          1
e - Death Channel         Necr           37%        N/A       2%          6
f - Corpse Rot            Necr/Pois/Air  38%        N/A       2%          4

Your spell library contained the following spells:

 Spells                   Type           Power      Damage    Failure   Level
 Necrotise                Necr           100%       1d9       1%          1
 Slow                     Hex            48%        N/A       1%          1
 Conjure Flame            Conj/Fire      35%        6-21      1%          3
 Ignite Poison            Fire/Tmut/Pois 35%        N/A       1%          3
 Vampiric Draining        Necr           74%        2d11      1%          3
 Dispel Undead            Necr           74%        3d25      1%          4
 Agony                    Necr           74%        N/A       1%          5
 Sticky Flame             Conj/Fire      35%        2d5       3%          4
 Confusing Touch          Hex            12%        N/A       4%          3
 Chain Lightning          Conj/Air       17%        3d23      100%        9
 Fire Storm               Conj/Fire      17%        8d5       100%        9
 Shatter                  Erth           6%         3d9*      100%        9


Dungeon Overview and Level Annotations

Branches:
Dungeon (11/15) Zot: 3813  Temple (1/1) D:7 Zot: 860    Lair (5/5) D:11 Zot: 1073
  Swamp (1/4) Lair:2 Zot: 859  Spider (0/4) Lair:3        Slime (0/5) Lair:4
    Orc (0/2) D:9

Altars:
Ashenzari
Cheibriados
Dithmenos
Elyvilon
Gozag
Hepliaklqana
Kikubaaqudgha
Makhleb
Nemelex Xobeh
Okawaru
Qazlal
Ru
Sif Muna
Trog
Uskayaw
Wu Jian
Xom
Yredelemnul
Zin
The Shining One
Jiyva

Annotations:
D:10 3 runed translucent doors, greenreed's ghost, novice MiMo
Lair:5 exclusion: obsidian statue


Innate Abilities, Weirdness & Mutations

You are a creature of crystalline ice.
You have a powerful freezing melee attack.
You are amphibious.
Your maximum health is increased.
Your armour is entirely melded.
You are incapable of wielding weapons or throwing items.
You passively map the area around you.
You are easily found by Zot.
You glow in the dark.
You regain HP and MP as you explore.


Message History

A glowing mist starts to gather...
You feel sick. The swamp drake bites you.
* * * LOW HITPOINT WARNING * * *
You pummel the swamp drake!! You freeze the swamp drake.
You feel a bit better.
You kill the swamp drake!
Cheibriados thoroughly appreciates the change of pace.
A glowing mist starts to gather...
You feel better.
You are confused.
You feel invigorated. What are your orders? t - Howl!
Anything else - Cancel.
Okay, then.
You howl as the wereblood boils in your veins!
Something bites your spectral swamp drake!
A spriggan rider comes into view.
It is wielding a +0 spear and quivering curare-tipped darts.
Your spectral swamp drake barely misses the swamp worm.
The goliath frog misses you.
The swamp worm fires a harpoon shot at you.
The harpoon shot hits your spectral swamp drake!
Your spectral swamp drake is destroyed!
The spriggan rider misses you.
Your spectral swamp worm barely misses the swamp worm.
The goliath frog completely misses you.
A spriggan rider comes into view. It is wielding a +0 spear.
Your spectral swamp worm closely misses the swamp worm.
The spriggan rider hits you from afar with a +0 spear!!
* * * LOW HITPOINT WARNING * * *
The spriggan rider completely misses you.
You are too confused!
You feel better.
You feel less invigorated. The goliath frog misses you.
The swamp worm closely misses you.
Your spectral swamp worm barely misses the swamp worm.
The spriggan rider hits you with a +0 spear.
* * * LOW HITPOINT WARNING * * *
The spriggan rider hits you from afar with a +0 spear!
* * * LOW HITPOINT WARNING * * *
The spriggan rider hits you from afar with a +0 spear!!
* * * LOW HITPOINT WARNING * * *
The goliath frog hits you from afar!
You die...

~ ...w.~~~≈≈≈≈≈≈♣
~
**...F..§~.♣≈≈≈≈~
, ,, #..~....♣ ,
, ***#...<..♣* ,
,,~, * ,
*#.....♣♣ ~ ,,
~,~ #......♣ ~
##.##iF♣ , ~ ~, ,
####wZ♣ ~ , ,,
,,#Yi.♣ , * ,
##).♣ * * * #.#i♣
* ** .i#.## * * ~
~ *~... . * ** *,
....i ., * ,, ,
[...~ ~~,* ~ *, *
, ,~ ~~~~~ ,~ ~
** ~~~~ ~ , ~ *


You could see 3 spriggan riders, a goliath frog, a swamp worm (ally target) and
a friendly spectral swamp worm.

Vanquished Creatures
  A dire elephant (Lair:5)
  3 hydras
  3 death yaks (Lair:5)
  A spriggan (Swamp:1)
  Sonja (D:11)
  A spectral death yak (Lair:5)
  A necromancer (Lair:5)
  2 black mambas
  8 elephants
  A torpor snail (Lair:5)
  4 cane toads
  3 rime drakes
  6 komodo dragons
  A meliai (Lair:3)
  A queen bee (Lair:2)
  2 spectral elephants (Lair:5)
  2 trolls
  2 hornets
  A polar bear (D:8)
  11 blink frogs
  9 dream sheep
  4 wyverns
  5 wraiths
  2 basilisks
  24 yaks
  6 vampire mosquitoes
  A death yak simulacrum (Lair:5)
  Menkaure (D:4)
  2 spectral cane toads (Lair:5)
  A swamp worm (Swamp:1)
  11 water moccasins
  4 orc warriors
  A swamp drake (Swamp:1)
  2 sky beasts
  2 black bears (D:11)
  A hornet zombie (D:6)
  An elephant zombie (Lair:5)
  4 ice beasts
  2 ogres
  12 wolves
  2 centaurs
  2 phantoms (D:7)
  Blork the orc (D:4)
  A kobold brigand (D:6)
  11 bullfrogs
  3 cane toad simulacra (Lair:5)
  4 necrophages
  8 wights
  23 killer bees
  3 howler monkeys (D:11)
  3 electric eels
  A spectral centaur (D:6)
  A vampire bat (D:6)
  4 hounds
  5 orc priests
  A bullfrog skeleton (D:6)
  8 orc wizards
  2 iguanas
  5 hell rats (Lair:4)
  2 centaur simulacra (D:8)
  A bullfrog simulacrum (D:6)
  3 gnolls (D:3)
  7 adders
  2 shadow imps
  3 white imps
  A howler monkey simulacrum (D:8)
  3 ufetubi
  2 worms
  3 dart slugs (D:1)
  36 orcs
  6 endoplasms
  2 giant cockroaches
  6 goblins
  3 hobgoblins
  12 jackals
  9 kobolds
  A ball python (D:4)
  4 bats
  2 rats
346 creatures vanquished.

Vanquished Creatures (collateral kills)
  2 death yaks (Lair:5)
  An oklob plant (Lair:3)
  A necromancer (Lair:5)
  A cane toad (Lair:3)
  A komodo dragon (Lair:5)
  7 blink frogs
  A dream sheep (Lair:3)
  5 yaks
  A shadow (D:10)
  3 wolves
  2 bullfrogs (Lair:4)
  6 killer bees
  An electric eel (Lair:3)
  5 jellies (Lair:4)
  A hell rat (Lair:4)
  An endoplasm (Lair:4)
39 creatures vanquished.

Vanquished Creatures (others)
  A komodo dragon (Lair:4)
  An orc wizard (D:9)
  17 fungi
  42 plants
  29 withered plants
90 creatures vanquished.

Grand Total: 475 creatures vanquished

Notes
Turn   | Place    | Note
-------+----------+-------------------------------------------
     0 | D:1      | Zeldest the Meteoran Transmuter began the quest for the
                  | Orb.
     0 | D:1      | Reached XP level 1. HP: 16/16 MP: 5/5
    66 | D:1      | Reached XP level 2. HP: 23/23 MP: 4/6
    73 | D:1      | Learned a level 2 spell: Wereblood
   197 | D:1      | Reached XP level 3. HP: 26/28 MP: 6/8
   249 | D:1      | Reached skill level 4 in Unarmed Combat
   549 | D:3      | Reached XP level 4. HP: 36/36 MP: 7/10
   629 | D:5      | Entered Level 5 of the Dungeon
   699 | D:5      | Noticed a necrophage
   711 | D:5      | Killed a necrophage
   712 | D:5      | Reached XP level 5. HP: 38/42 MP: 7/12
   712 | D:5      | Noticed an ogre
   719 | D:5      | Killed an ogre
   720 | D:5      | Reached skill level 5 in Unarmed Combat
   720 | D:5      | Reached XP level 6. HP: 51/51 MP: 7/13
   780 | D:5      | Noticed a troll
   791 | D:5      | Killed a troll
   792 | D:5      | Reached XP level 7. HP: 58/58 MP: 6/15
   996 | D:5      | Reached skill level 5 in Spellcasting
  1333 | D:4      | Noticed Blork the orc
  1345 | D:4      | Killed Blork the orc
  1346 | D:4      | Reached skill level 5 in Transmutations
  1400 | D:4      | Noticed Menkaure
  1410 | D:4      | Killed Menkaure
  1411 | D:4      | Reached skill level 6 in Unarmed Combat
  1411 | D:4      | Reached XP level 8. HP: 36/67 MP: 12/17
  1786 | D:6      | Reached skill level 5 in Fighting
  1827 | D:6      | Gained mutation: You passively map the area around you.
                  | [Meteoran growth]
  1827 | D:6      | Reached XP level 9. HP: 71/74 MP: 19/19
  1835 | D:6      | Reached skill level 7 in Unarmed Combat
  1865 | D:6      | Found the +4 dagger "Morg" {pain, Will+ Int+5}
  2035 | D:6      | Reached skill level 1 in Short Blades
  2035 | D:6      | Reached skill level 1 in Necromancy
  2269 | D:7      | Learned a level 3 spell: Spider Form
  2618 | D:7      | Reached XP level 10. HP: 67/76 MP: 21/21
  2661 | D:7      | Found a staircase to the Ecumenical Temple.
  2677 | Temple   | Entered the Ecumenical Temple
  2686 | Temple   | Became a worshipper of Cheibriados the Contemplative
  2921 | D:7      | Reached skill level 8 in Unarmed Combat
  3053 | D:7      | Learned a level 4 spell: Ice Form
  3141 | D:8      | Reached * piety under Cheibriados
  3263 | D:8      | Reached skill level 5 in Necromancy
  3286 | D:8      | Found an iron altar of Okawaru.
  3290 | D:8      | Found a white marble altar of Elyvilon.
  3301 | D:8      | Found a sparkling altar of Nemelex Xobeh.
  3304 | D:8      | Found an ancient bone altar of Kikubaaqudgha.
  3435 | D:8      | Reached skill level 1 in Invocations
  3475 | D:9      | Reached XP level 11. HP: 66/94 MP: 8/22
  3478 | D:9      | Reached skill level 9 in Unarmed Combat
  3504 | D:9      | Reached ** piety under Cheibriados
  3582 | D:9      | Found a staircase to the Orcish Mines.
  3706 | D:9      | Found a sacrificial altar of Ru.
  3872 | D:10     | Entered Level 10 of the Dungeon
  3902 | D:10     | Found a runed translucent gate.
  3903 | D:10     | Found a runed translucent gate.
  3912 | D:10     | Found a runed translucent gate.
  3917 | D:10     | Found a viscous altar of Jiyva.
  3917 | D:10     | Noticed greenreed's ghost (novice MiMo)
  3917 | D:10     | Noticed a great orb of eyes
  3964 | D:10     | Learned a level 6 spell: Death Channel
  4072 | D:10     | Reached *** piety under Cheibriados
  4236 | D:11     | Found a staircase to the Lair.
  4236 | D:11     | Noticed Sonja
  4246 | D:11     | Killed Sonja
  4247 | D:11     | Reached skill level 10 in Unarmed Combat
  4247 | D:11     | Reached skill level 5 in Invocations
  4266 | Lair:1   | Entered Level 1 of the Lair of Beasts
  4357 | Lair:1   | Reached skill level 1 in Ice Magic
  4392 | Lair:1   | Noticed an elephant
  4392 | Lair:1   | Noticed an elephant
  4393 | Lair:1   | Noticed an elephant
  4407 | Lair:1   | Killed an elephant
  4408 | Lair:1   | Reached XP level 12. HP: 41/104 MP: 1/23
  4520 | Lair:1   | Noticed an eight-headed hydra
  4527 | Lair:1   | Killed an eight-headed hydra
  4565 | Lair:2   | Reached **** piety under Cheibriados
  4572 | Lair:2   | Reached skill level 5 in Ice Magic
  4604 | Lair:2   | Noticed a five-headed hydra
  4619 | Lair:2   | Killed a five-headed hydra
  4620 | Lair:2   | Reached skill level 10 in Fighting
  4620 | Lair:2   | Reached skill level 11 in Unarmed Combat
  4752 | Lair:2   | Reached XP level 13. HP: 100/114 MP: 19/24
  4785 | Lair:2   | Reached ***** piety under Cheibriados
  4811 | Lair:2   | Found a staircase to the Swamp.
  4872 | Lair:3   | Found a hole to the Spider Nest.
  5310 | Lair:3   | Reached skill level 1 in Conjurations
  5313 | Lair:3   | Reached skill level 12 in Unarmed Combat
  5411 | Lair:4   | Reached ****** piety under Cheibriados
  5435 | Lair:4   | Noticed a six-headed hydra
  5441 | Lair:4   | Killed a six-headed hydra
  5486 | Lair:4   | Found a viscous altar of Jiyva.
  5486 | Lair:4   | Found a staircase to the Slime Pits.
  5572 | Lair:4   | Identified the +5 spear "Goblin's Regret" {spect, rPois}
  5596 | Lair:5   | Entered Level 5 of the Lair of Beasts
  5622 | Lair:5   | Reached skill level 10 in Invocations
  5635 | Lair:5   | Reached skill level 10 in Necromancy
  5635 | Lair:5   | Reached XP level 14. HP: 124/124 MP: 25/25
  5656 | Lair:5   | Learned a level 4 spell: Corpse Rot
  5776 | Lair:5   | Noticed a dire elephant
  5776 | Lair:5   | Noticed a dire elephant
  5776 | Lair:5   | Noticed a dire elephant
  5777 | Lair:5   | Noticed a dire elephant
  5980 | Lair:5   | Reached skill level 5 in Conjurations
  5988 | Lair:5   | Reached skill level 13 in Unarmed Combat
  6142 | Lair:5   | Killed a dire elephant
  6386 | Swamp:1  | Entered Level 1 of the Swamp
  6405 | Swamp:1  | HP: 5/151 [tyrant leech (16)]
  6419 | Swamp:1  | HP: 6/151 [spriggan rider/+0 spear (25)]
  6419 | Swamp:1  | Mangled by a goliath frog

Illustrated notes

Levels and vault maps discovered:
D:1:      psy_arrival_dodecagon, layout_loops_corners
D:2:      layout_rooms, shapermc_ecumenical_altar_rom_forum,
          kennysheep_big_empty_room, kennysheep_small_spiral
D:3:      layout_basic, fountainhead
D:4:      minmay_diamond_boxcup, layout_cave_pools, minmay_surrounded,
          uniq_menkaure, uniq_blork_the_orc
D:5:      layout_gridville
D:6:      layout_basic, roderic_batcave, dilly_guarded_unrand_morg
D:7:      layout_basic, temple_green, grunt_tough_drop
D:8:      layout_rooms, nicolae_overflow_hallway_of_the_gods, serial_ice,
          serial_ice_j, serial_ice_c, serial_ice_f, serial_ice_o, uniq_psyche
D:9:      layout_gridville, mainiacjoe_overflow_24_doors, orc_0_dummy
D:10:     layout_rooms, gammafunk_ghost_ooze
D:11:     layout_loops_ring, david_lair_generic, uniq_sonja
Temple:   nicolae_temple_no_exploring_needed
Lair:1:   layout_layer_cave, minmay_lair_oklob_items, fungi_pond_lemuel
Lair:2:   layout_roguey [special_room_bee], minmay_swamp_entry_swarm,
          lemuel_fruit_fields
Lair:3:   layout_misc_corridors, hellmonk_spider_entry_not_the_bees,
          serial_bayou_shore_a
Lair:4:   layout_small_grid, nicolae_slime_entry_slimehenge
Lair:5:   due_jungle_book, layout_gridlike, serial_bayou_crossing,
          serial_bayou_shore_b
Swamp:1:  layout_basic_swamp, hangedman_swamp_ruin_wall, swamp_pool1,
          infiniplex_staircase_pool_2

Skill      XL: |  1  2  3  4  5  6  7  8  9 10 11 12 13 14 |
---------------+-------------------------------------------+-----
Spellcasting   | 3 4 5 6 |  6.8
Unarmed Combat | 4 5 6 7 8 10 11 12 13 | 13.4
Transmutations | 3 4 5 6 7 8 9 |  9.8
Fighting       | 2 3 4 5 6 8 9 10 11 12 | 12.3
Short Blades   | 2 |  2.8
Necromancy     | 2 5 7 8 10 | 10.9
Dodging        | 4 |  4.6
Invocations    | 2 5 8 10 11 | 11.3
Ice Magic      | 1 6 7 |  7.7
Conjurations   | 4 6 |  6.3

Action                   |  1- 3 |  4- 6 |  7- 9 | 10-12 | 13-15 || total
-------------------------+-------+-------+-------+-------+-------++-------
Melee: Unarmed           |    61 |    34 |   235 |   382 |   250 ||   962
       Kick              |    14 |     8 |    45 |     5 |       ||    72
       Headbutt          |     6 |     6 |    39 |     4 |       ||    55
       Punch             |       |     1 |    13 |     3 |       ||    17
       Dagger            |       |       |    84 |     6 |       ||    90
 Cast: Beastly Appendage |    12 |     6 |    19 |     1 |       ||    38
       Wereblood         |     2 |     3 |    13 |    17 |    13 ||    48
       Spider Form       |       |       |     6 |    12 |     1 ||    19
       Ice Form          |       |       |       |    25 |    21 ||    46
       Death Channel     |       |       |       |     6 |    15 ||    21
       Corpse Rot        |       |       |       |       |     1 ||     1
Invok: Slouch            |       |       |       |       |     2 ||     2
       Step From Time    |       |       |       |       |     1 ||     1
 Abil: End Transformatio |       |       |       |       |     1 ||     1
  Use: Potion            |       |     1 |     1 |     1 |     5 ||     8
       Scroll            |       |       |     1 |    15 |     1 ||    17
 Stab: Distracted        |       |       |       |       |     3 ||     3
Armor: Robe              |    27 |       |       |       |       ||    27
       Skin              |       |     7 |     3 |   121 |   103 ||   234
       Troll leather arm |       |       |    95 |    19 |     5 ||   119
Dodge: Dodged            |    20 |    13 |   165 |   376 |   248 ||   822

Table legend: (Time is in decaauts)
 A = Elapsed time spent in this place.
 B = Non-inter-level travel time spent in this place.
 C = Inter-level travel time spent in this place.
 D = Time resting spent in this place.
 E = Time spent auto-exploring this place.
 F = Levels seen in this place.
 G = Mean time per level.
                   A        B        C        D        E       F      G
               +--------+--------+--------+--------+--------+-----+--------+
         Total |   8249 |   7667 |    582 |     62 |      0 |  18 |  458.3 |
       Dungeon |   4751 |   4467 |    284 |     62 |      0 |  11 |  431.9 |
        Temple |     33 |     33 |      0 |      0 |      0 |   1 |   33.0 |
          Lair |   3425 |   3128 |    297 |      0 |      0 |   5 |  685.0 |
         Swamp |     39 |     39 |      0 |      0 |      0 |   1 |   39.0 |
               +--------+--------+--------+--------+--------+-----+--------+

Top non-repeatable levels by time:
  Lair:5: 1124 daAuts
     D:7: 874 daAuts
  Lair:3: 802 daAuts
     D:5: 679 daAuts
     D:8: 586 daAuts
  Lair:2: 585 daAuts
     D:9: 576 daAuts
     D:6: 503 daAuts
  Lair:4: 489 daAuts
  Lair:1: 424 daAuts
    D:10: 420 daAuts
     D:4: 353 daAuts
     D:1: 284 daAuts
     D:3: 206 daAuts
    D:11: 142 daAuts
